 Dungeon Sprint DCSS version 0.14-a0-2986-gd1872aa (webtiles) character file.

900000 BluebellGnoll the Intangible (level 13, -39/79 HPs)
             Began as a Demonspawn Enchanter on Mar 6, 2014.
             Was a Follower of Makhleb.
             Annihilated by a bag of meat
             ... wielding a +9,+9 war axe
              (50 damage)
             ... in the Dungeon (Sprint VIII: "Arena of Blood").
             The game lasted 00:00:49 (9 turns).

BluebellGnoll the Intangible (Demonspawn Enchanter)    Turns: 9, Time: 00:00:49

HP -39/79        AC  3     Str 10      XL: 13   Next: 26%
MP  19/19        EV 28     Int 21      God: Makhleb [*.....]
Gold 0           SH  0     Dex 13      Spells:  1 memorised, 15 levels left

rFire  . . .     SeeInvis .     l - +∞ Axe of Woe
rCold  . . .     Clarity  .     b - +1 robe
rNeg   . . .     Conserve .     (no shield)
rPois  .         rCorr    .     (no helmet)
rElec  .         rRot     .     (no cloak)
SustAb . .       Spirit   .     (no gloves)
rMut   .         Warding  .     (no boots)
Saprov . . .     NoTele   +     (no amulet)
MR     .....                    (no ring)
                                (no ring)

@: not resistant to hostile enchantments, fairly stealthy
A: claws 2, powered by death 3, spiny 1
a: Renounce Religion


You were in the Dungeon.
You worshipped Makhleb.
Makhleb was aware of your devotion.
You were not hungry.

You visited 1 branch

Inventory:

Hand weapons
 a - a +1,+1 dagger
 l - the +∞,+∞ Axe of Woe (weapon)
   (You found it in the Dungeon)
Missiles
 d - 12 darts (quivered)
Armour
 b - a +1 robe (worn)
Comestibles
 f - a bread ration
Scrolls
 k - a scroll of blinking
Potions
 e - a potion of curing
 g - a potion of heal wounds
 h - a potion of speed
 i - 2 potions of magic
 j - a potion of berserk rage
Books
 c - a book of Maledictions

   Spells                             Type                      Level
   *Corona                            Hexes                        1
   Sure Blade                         Hexes/Charms                 2
   Ensorcelled Hibernation            Hexes/Ice                    2
   Confuse                            Hexes                        3
   Enslavement                        Hexes                        4
   Invisibility                       Hexes                        6


   Skills:
 - Level 0.8 Short Blades
 + Level 10.8 Axes
 - Level 0.8 Throwing
 O Level 27 Dodging
 - Level 1.7 Stealth
 - Level 2.0 Spellcasting
 - Level 3.0 Hexes


You had 15 spell levels left.
You knew the following spells:

 Your Spells              Type           Power        Failure   Level  Hunger
a - Corona                Hex            ##.....      4%          1    #......


Dungeon Overview and Level Annotations

Branches:
Dungeon (1/1)

Altars:
Makhleb


Innate Abilities, Weirdness & Mutations

You have very sharp fingernails.
You can steal the life force of all defeated enemies in sight.
You are partially covered in sharp spines.


Message History

You feel stronger.
You hear a shout!
The bag of meat is struck by your spines.
The bag of meat hits you with a +9,+9 war axe!
* * * LOW HITPOINT WARNING * * *
You hear a shout! 2 orcs come into view.
You hit the bag of meat.
You fatally mangle the bag of meat.
You kill the bag of meat!
Makhleb accepts your kill.
You have mastered Dodging!
You need to enable at least one skill for training.
Your Axes skill gained 10 levels and is now at level 10!
You have reached level 13!
Your demonic ancestry asserts itself...
Your fingernails sharpen.
You hear a shout!
The bag of meat hits you with a +9,+9 war axe!
Ouch! That really hurt!
You die...

#... ..# #... ..#
.###... ..###.
.......###......
#.. ....._...o.
.... #.....# .....
#_.<._# .
.......#)....#.....
#.....)@._........
........o###.......
.o.###... ..###. .
#.... ..# #..... .#
.o.......
.......... ....o...
...


You could see 5 bags of meat.

Vanquished Creatures
  3 orcs (D)
3 creatures vanquished.

Notes
Turn   | Place    | Note
--------------------------------------------------------------
     0 | D        | BluebellGnoll, the Demonspawn Enchanter, began the quest for the Orb.
     0 | D        | Reached XP level 1. HP: 13/13 MP: 3/3
     3 | D        | Noticed a bag of meat
     4 | D        | Noticed a bag of meat
     4 | D        | Became a worshipper of Makhleb the Destroyer
     5 | D        | Noticed a bag of meat
     5 | D        | Noticed a bag of meat
     7 | D        | Noticed a bag of meat
     7 | D        | Killed a bag of meat
     7 | D        | Reached skill level 23 in Dodging
     7 | D        | Gained mutation: You can steal the life force of nearby defeated enemies. [demonic ancestry]
     7 | D        | Reached XP level 2. HP: 19/19 MP: 4/4
     7 | D        | Gained mutation: You have sharp fingernails. [demonic ancestry]
     7 | D        | Reached XP level 3. HP: 24/24 MP: 6/6
     7 | D        | Reached XP level 4. HP: 30/30 MP: 7/7
     7 | D        | Reached XP level 5. HP: 35/35 MP: 9/9
     7 | D        | Reached XP level 6. HP: 41/41 MP: 10/10
     7 | D        | Gained mutation: You are partially covered in sharp spines. [demonic ancestry]
     7 | D        | Reached XP level 7. HP: 46/46 MP: 12/12
     7 | D        | Reached XP level 8. HP: 52/52 MP: 13/13
     7 | D        | Reached XP level 9. HP: 57/57 MP: 14/14
     7 | D        | Gained mutation: You can steal the life force of defeated enemies. [demonic ancestry]
     7 | D        | Reached XP level 10. HP: 63/63 MP: 16/16
     7 | D        | Reached XP level 11. HP: 68/68 MP: 17/17
     8 | D        | Noticed a bag of meat
     8 | D        | Killed a bag of meat
     8 | D        | Acquired Makhleb's first power
     8 | D        | Reached skill level 26 in Dodging
     8 | D        | Gained mutation: You can steal the life force of all defeated enemies in sight. [demonic ancestry]
     8 | D        | Reached XP level 12. HP: 18/74 MP: 18/18
     9 | D        | Noticed a bag of meat
     9 | D        | Noticed a bag of meat
     9 | D        | Killed a bag of meat
     9 | D        | Reached skill level 27 in Dodging
     9 | D        | Reached skill level 10 in Axes
     9 | D        | Gained mutation: You have very sharp fingernails. [demonic ancestry]
     9 | D        | Reached XP level 13. HP: 11/79 MP: 19/19
     9 | D        | Annihilated by a bag of meat

Action                   |  1- 3 |  4- 6 |  7- 9 | 10-12 | 13-15 || total
-------------------------+-------+-------+-------+-------+-------++-------
Melee: Executioner's axe |     1 |       |       |     2 |       ||     3
